 Dungeon Crawl Stone Soup version 0.27.1 (webtiles) character file.

Game seed: 13673227025578358870

6 Malachi the Scratcher (level 1, -2/9 HPs)
             Began as a Felid Transmuter on Aug 25, 2021.
             Slain by a quokka (5 damage)
             ... on level 1 of the Dungeon.
             The game lasted 00:00:26 (368 turns).

Malachi the Scratcher (Felid Transmuter)             Turns: 368, Time: 00:00:27

Health: -2/9       AC:  1    Str:  6    XL:     1   Next: 75%
Magic:  3/4        EV: 17    Int: 14    God:
Gold:   13         SH:  0    Dex: 16    Spells: 3/4 levels left
                                        Lives:  0   Deaths: 0

rFire    . . .     SeeInvis +     - Unarmed
rCold    . . .     Faith    .   (shield unavailable)
rNeg     . . .     Spirit   .   (armour unavailable)
rPois    .         Reflect  .   (helmet unavailable)
rElec    .         Harm     .   (cloak unavailable)
rCorr    .         Rampage  .   (gloves unavailable)
Will     .....                  (boots unavailable)
Stlth    +.........             (no amulet)
HPRegen  0.03/turn              (no ring)
MPRegen  0.09/turn              (no ring)

@: appendages, quick
A: horns 2, very small, claws 1, fangs 3, see invisible, speed 1, shaggy fur 1,
stealthy paws, no weapons or thrown items, no armour, multi-lived
a: End Transformation


You were on level 1 of the Dungeon.
You had temporarily grown beastly horns.
You visited 1 branch of the dungeon, and saw 1 of its levels.

You collected 13 gold pieces.

You aren't carrying anything.


   Skills:
 + Level 1.0 Fighting
 + Level 2.9 Dodging
 + Level 3.0 Unarmed Combat
 + Level 2.2 Spellcasting
 + Level 2.2 Transmutations


You had 3 spell levels left.
You knew the following spells:

 Your Spells              Type           Power      Damage    Failure   Level
a - Beastly Appendage     Tmut           14%        N/A       10%         1

Your spell library contained the following spells:

 Spells                   Type           Power      Damage    Failure   Level
 Wereblood                Tmut           7%         N/A       14%         2
 Spider Form              Tmut/Pois      2%         N/A       41%         3
 Ice Form                 Ice/Tmut       4%         N/A       82%         4


Dungeon Overview and Level Annotations

Branches:
Dungeon (1/15)

Altars:


Innate Abilities, Weirdness & Mutations

You have temporarily grown beastly horns.
You have sharp claws.
You have razor-sharp teeth.
You have supernaturally acute eyesight. (SInv)
You cover ground quickly. (Speed+)
You are covered in fur. (AC +1)
Your paws help you pounce on unaware monsters.
You are incapable of wielding weapons or throwing items.
You cannot wear armour.
You gain extra lives every three experience levels.


Message History

You see here a dart slug corpse.
You start resting.
Your horns disappear.
You start resting.
HP restored.
You start waiting.
Done waiting.
A quokka and a goblin come into view.
Found a fizzy amethyst potion.
There are monsters nearby!
There are monsters nearby!
There are monsters nearby!
Casting: Beastly Appendage (safe; 10% risk of failure)
Confirm with . or Enter, or press ? or * to list all spells.
You grow a pair of large bovine horns.
No target in view!
No target in view!
The goblin hits you but does no damage.
You miss the goblin. You headbutt the goblin.
The goblin is heavily wounded.
The goblin hits you with a +0 dagger.
You closely miss the goblin.
The goblin is heavily wounded.
The goblin closely misses you.
You closely miss the goblin. You headbutt the goblin.
You kill the goblin!
Your transformation is almost over.
The quokka closely misses you.
You closely miss the quokka. Your headbutt misses the quokka.
The quokka completely misses you.
You miss the quokka. The quokka bites you.
You are too injured to fight recklessly!
You are too injured to fight recklessly!
You are too injured to fight recklessly!
Casting: Beastly Appendage (safe; 10% risk of failure)
Confirm with . or Enter, or press ? or * to list all spells.
You extend your transformation's duration.
The quokka bites you.
Ouch! That really hurt!
You die...

# # ####### ####
....... ... #######
..# ## !.# .#####...
### ##r.# .........
..# ##@# ..####...
#.# #.## #.## #.#
#.# #.)#
...####.###.###.#..#
.#....#.##...##.##.#
...##.#.#.....#.##)#
#.#......).........#
#.#.##>.#.....######
....##.###...##


You could see a quokka.

Vanquished Creatures
  A dart slug (D:1)
  An endoplasm (D:1)
  A goblin (D:1)
  A kobold (D:1)
4 creatures vanquished.

Notes
Turn   | Place    | Note
-------+----------+-------------------------------------------
     0 | D:1      | Malachi the Felid Transmuter began the quest for the Orb.
     0 | D:1      | Reached XP level 1. HP: 9/9 MP: 4/4
   368 | D:1      | Slain by a quokka

Illustrated notes

Levels and vault maps discovered:
D:1:      minmay_arrival_shattered_statue, layout_loops_ring

Action                   || total
-------------------------++-------
Melee: Unarmed           ||    13
       Headbutt          ||     2
 Cast: Beastly Appendage ||     5
Armor: Skin              ||     1
Dodge: Dodged            ||     7
